 Dungeon Crawl Stone Soup version 0.29-a0-565-g7a16c6de65 (webtiles) character file.

Game seed: 11848749892634918456

97 Lekart the Skirmisher (level 4, -9/41 HPs)
             Began as a Draconian Chaos Knight on June 12, 2022.
             Was a Plaything of Xom.
             Blown up by an eye of devastation (glowing shapeshifter) (28 damage)
             ... with a bolt of energy
             ... on level 3 of the Dungeon.
             The game lasted 00:03:47 (2164 turns).

Lekart the Skirmisher (Draconian Chaos Knight)      Turns: 2164, Time: 00:03:48

Health: -9/41      AC:  6    Str: 17    XL:     4   Next: 42%
Magic:  13/13      EV: 12    Int: 12    God:    Xom [.....*]
Gold:   153        SH:  5    Dex: 10    Spells: 3/3 levels left

rFire   . . .      SeeInvis .   a - +1 hand axe (chaos)
rCold   . . .      Faith    .   (no shield)
rNeg    + . .      Spirit   .   (body armour unavailable)
rPois   .          Reflect  +   (helmet restricted)
rElec   .          Harm     .   (no cloak)
rCorr   .          Rampage  .   (no gloves)
Will    .....                   d - +0 pair of boots
Stlth   +.........              k - amulet of reflection
HPRegen 0.13/turn               g - ring of positive energy
MPRegen 0.13/turn               i - ring of magical power

@: no status effects
A: AC +5, unfitting armour, cold-blooded
a: Renounce Religion


You were on level 3 of the Dungeon.
You worshipped Xom.
You were Xom's teddy bear.
You visited 1 branch of the dungeon, and saw 4 of its levels.

You collected 153 gold pieces.

Inventory:

Hand Weapons
 a - a +1 hand axe of chaos (weapon)
Missiles
 e - 4 javelins
 f - 6 poisoned darts (quivered)
Armour
 d - a +0 pair of boots (worn)
Jewellery
 g - a ring of positive energy (left hand)
 i - a ring of magical power (right hand)
 k - an amulet of reflection (around neck)
Scrolls
 h - a scroll of amnesia {unknown}
 l - a scroll of poison {unknown}
 n - a scroll of identify
Potions
 c - a potion of curing
 j - 2 potions of might {unknown}
 m - a potion of attraction {unknown}
Miscellaneous
 b - a piece from Xom's chessboard (15/15)


   Skills:
 * Level 4.8 Fighting
 + Level 4.0 Axes
 + Level 0.1 Throwing
 - Level 2.1 Dodging
 + Level 0.1 Shields


You had 3 spell levels left.
You didn't know any spells.
Your spell library was empty.

Dungeon Overview and Level Annotations

Branches:
Dungeon (4/15)
 Temple: D:4-7

Altars:
Uskayaw

Shops:
D:3 (


Innate Abilities, Weirdness & Mutations

Your plain brown scales are hard. (AC +5)
You cannot fit into any form of body armour.
You are cold-blooded and may be slowed by cold attacks.


Message History

You hit something but do no damage.
Space warps horribly around something!
Reactivating autopickup.
You feel a bit more experienced. "Hum-dee-hum-dee-hum..."
The orc changes into a glowing shapeshifter!
You are now Xom's teddy bear.
The glowing shapeshifter changes into an eye of devastation!
Items here: )) [ †.
You hit the eye of devastation but do no damage.
The orc priest mumbles some strange prayers to Beogh against you.
Beogh smites you! The eye of devastation gazes at you.
The bolt of energy misses you.
You are too injured to fight recklessly!
You are too injured to fight recklessly!
You are too injured to fight recklessly!
You are too injured to fight recklessly!
You are too injured to fight recklessly!
You are too injured to fight recklessly!
You are too injured to fight recklessly!
You are too injured to fight recklessly!
You are too injured to fight recklessly!
You are too injured to fight recklessly!
You are too injured to fight recklessly!
You are too injured to fight recklessly!
You are too injured to fight recklessly!
You are too injured to fight recklessly!
You are too injured to fight recklessly!
You are too injured to fight recklessly!
You are too injured to fight recklessly!
You hit the eye of devastation. You drain the eye of devastation.
The eye of devastation is lightly wounded.
You hit the eye of devastation.
Lightning courses through the eye of devastation!
The eye of devastation is moderately wounded.
The eye of devastation gazes at you. The bolt of energy hits you!!
Ouch! That really hurt!
You die...
Xom thinks this is hilarious!

######## #....."#
#......# #####
#######......####....
..............##...##
...#######......)#..†..#
#...oG@.'....†.).).....
#.#######..........∩...
.................
.....#.....#....)#
######.###.##...## ...#
#.....## ##### #######


You could see an eye of devastation shaped shifter (drained) and an orc priest.

Vanquished Creatures
  3 adders (D:2)
  2 worms (D:2)
  3 dart slugs
  8 orcs
  2 endoplasms
  A giant cockroach (D:2)
  5 goblins
  3 hobgoblins (D:3)
  5 jackals
  2 quokkas (D:2)
  2 ball pythons
  3 bats
  3 kobolds
  4 rats
46 creatures vanquished.

Notes
Turn   | Place    | Note
-------+----------+-------------------------------------------
     0 | D:1      | Lekart the Draconian Chaos Knight began the quest for the
                  | Orb.
     0 | D:1      | Reached XP level 1. HP: 19/19 MP: 1/1
    65 | D:1      | XOM: silly message
    93 | D:1      | Found a faded altar of an unknown god.
   208 | D:1      | XOM: silly message
   269 | D:1      | XOM is BORED!
   269 | D:1      | XOM: silly message
   556 | D:1      | Reached XP level 2. HP: 15/27 MP: 2/2
  1022 | D:2      | XOM: fog
  1034 | D:2      | XOM: confusion (+ monsters)
  1147 | D:2      | Reached XP level 3. HP: 33/33 MP: 3/3
  1557 | D:2      | Reached XP level 4. HP: 41/41 MP: 4/4
  1563 | D:2      | You fall into a shaft and drop 2 floors!
  1854 | D:3      | Found a hide-covered altar of Uskayaw.
  1865 | D:3      | Identified the +5 hand axe "Soziuf" {antimagic, rElec rN+
                  | Dex-5}
  1933 | D:3      | Found Tedex's Weapon Shop.
  1978 | D:3      | XOM: 8-stop teleportation journey
  2082 | D:3      | XOM: summons 3 hostile demons
  2160 | D:3      | Noticed a glowing shapeshifter
  2160 | D:3      | an orc changed into a glowing shapeshifter
  2160 | D:3      | XOM: polymorph orc -> glowing shapeshifter
  2160 | D:3      | Noticed an eye of devastation
  2160 | D:3      | a glowing shapeshifter changed into an eye of devastation
  2164 | D:3      | Blown up by an eye of devastation (glowing shapeshifter)

Illustrated notes

Levels and vault maps discovered:
D:1:      minmay_arrival_five_plusses, layout_rooms,
          hellmonk_ecumenical_altar_arch_garden, minmay_misc_feat_four_crosses
D:2:      layout_loops_ring, grunt_decor_arrowhead
D:3:      layout_basic, eat_drink_and_be_merry_uskayaw, serial_shops,
          nicolae_shop_bloodbath_and_beyond, feat_on_display
D:4:      layout_basic, uniq_natasha

Skill      XL: |  1  2  3  4 |
---------------+-------------+-----
Fighting       | 4 |  4.8
Axes           | 4 |  4.0
Throwing       | |  0.1
Dodging        | |  2.1
Shields        | |  0.1

Action                   |  1- 3 |  4- 6 || total
-------------------------+-------+-------++-------
Melee: Hand axe          |    77 |    49 ||   126
       Tailslap          |    10 |     7 ||    17
       Punch             |     1 |       ||     1
Throw: Dart              |       |     7 ||     7
       Javelin           |       |     4 ||     4
Evoke: Piece from Xom's  |       |     1 ||     1
  Use: Scroll            |       |     3 ||     3
 Stab: Sleeping          |     3 |       ||     3
       Paralysed         |     1 |       ||     1
       Petrified         |       |     3 ||     3
Armor: Skin              |    25 |    12 ||    37
Dodge: Dodged            |    39 |    22 ||    61
Block: Other             |       |     6 ||     6

Table legend: (Time is in decaauts)
 A = Elapsed time spent in this place.
 B = Non-inter-level travel time spent in this place.
 C = Inter-level travel time spent in this place.
 D = Time resting spent in this place.
 E = Time spent auto-exploring this place.
 F = Levels seen in this place.
 G = Mean time per level.
                   A        B        C        D        E       F      G
               +--------+--------+--------+--------+--------+-----+--------+
         Total |   2182 |   2086 |     96 |    595 |   1021 |   4 |  545.5 |
       Dungeon |   2182 |   2086 |     96 |    595 |   1021 |   4 |  545.5 |
               +--------+--------+--------+--------+--------+-----+--------+

Top non-repeatable levels by time:
     D:1: 1014 daAuts
     D:2: 560 daAuts
     D:3: 510 daAuts
     D:4: 96 daAuts
